 Dungeon Crawl Stone Soup version 0.24-a0-341-g52ca42d3ec (webtiles) character file.

Game seed: 7118738264883138737

840 MisterFreud the Changer (level 8, -2/48 HPs)
             Began as an Octopode Transmuter on May 20, 2019.
             Was a Believer of Cheibriados.
             Slain by Pikel
             ... wielding a +2 whip of flaming
              (6 damage)
             ... on level 6 of the Dungeon.
             The game lasted 00:10:35 (6305 turns).

MisterFreud the Changer (Octopode Transmuter)       Turns: 6305, Time: 00:10:36

Health: -2/48      AC:  1    Str: 18    XL:     8   Next: 0%
Magic:  24/24      EV: 14    Int: 24    God:    Cheibriados [**....]
Gold:   158        SH:  0    Dex: 18    Spells: 5/16 levels left

rFire    . . .     SeeInvis .     - Unarmed
rCold    + . .     Gourm    .   (no shield)
rNeg     . . .     Faith    .   (helmet restricted)
rPois    .         Spirit   .   (no amulet)
rElec    .         Reflect  .   f - +3 ring of strength
rCorr    .         Harm     .   i - ring of protection from cold
MR       .....                  j - ring of magical power
Stlth    +++.......             (no ring)
HPRegen  0.16/turn              (no ring)
MPRegen  0.19/turn              (no ring)
                                (no ring)
                                (no ring)

@: very slow
A: almost no armour, stealthy swim, amphibious, 8 rings, constrict 8, camouflage
1, gelatinous body 1
a: Bend Time, Renounce Religion


You were on level 6 of the Dungeon.
You worshipped Cheibriados.
Cheibriados was pleased with you.
You were near starving.

You visited 1 branch of the dungeon, and saw 6 of its levels.

You collected 158 gold pieces.

Inventory:

Missiles
 a - 68 arrows
 b - 190 stones (quivered)
 e - 8 javelins
 n - 3 atropa-tipped darts
 q - 29 bolts
 r - 4 boomerangs
Armour
 s - a +0 buckler
Jewellery
 f - a +3 ring of strength (left tentacle)
 h - an uncursed ring of fire
 i - a ring of protection from cold (right tentacle)
 j - a ring of magical power (on tentacle)
Scrolls
 l - 4 scrolls of remove curse
 m - a scroll of random uselessness {unknown}
 o - 2 scrolls of amnesia
 p - 2 scrolls of teleportation
 t - a scroll of immolation {unknown}
Potions
 d - a potion of mutation
 g - 3 potions of curing
 k - a potion of brilliance {unknown}
 u - a potion of might
Comestibles
 c - 8 rations


   Skills:
 - Level 1.0 Fighting
 - Level 2.0 Dodging
 - Level 3.0 Unarmed Combat
 + Level 4.7 Spellcasting
 * Level 7.2 Transmutations
 + Level 2.0 Invocations


You had 5 spell levels left.
You knew the following spells:

 Your Spells              Type           Power        Failure   Level  Hunger
a - Beastly Appendage     Tmut           #####.       1%          1    None
b - Sticks to Snakes      Tmut           #####...     1%          2    None
c - Spider Form           Tmut/Pois      ###.......   6%          3    ##.....
d - Blade Hands           Tmut           #####.....   13%         5    #####..

Your spell library contained the following spells:

 Spells                   Type           Power        Failure   Level  Hunger
 Ice Form                 Ice/Tmut       ###.....     21%         4    ####...


Dungeon Overview and Level Annotations

Branches:
Dungeon (6/15)
 Temple: D:4-7

Altars:
Cheibriados
Fedhas
Gozag
Makhleb
Qazlal
Trog
Wu Jian
Zin

Annotations:
D:6 Pikel


Innate Abilities, Weirdness & Mutations

You cannot wear most types of armour.
You are very stealthy in the water. (Stealth+)
You are amphibious.
You can wear up to eight rings at the same time.
You can use your tentacles to constrict eight enemies at once.
Your skin changes colour to match your surroundings (Stealth+).
Your rubbery body absorbs attacks. (AC +1, EV +1)


Message History

Pikel hits you with a +2 whip of flaming!
Pikel burns you.
You hit Pikel.
Pikel looks as sick as possible!
Pikel is heavily wounded.
Pikel hits you but does no damage.
You hit Pikel.
Pikel looks as sick as possible!
Pikel is heavily wounded.
You kill the slave!
That felt strangely unrewarding.
Pikel hits you with a +2 whip of flaming!
Pikel burns you.
You bite Pikel!
Pikel is almost dead.
Pikel hits you with a +2 whip of flaming!
* * * LOW HITPOINT WARNING * * *
Pikel burns you.
* * * LOW HITPOINT WARNING * * *
Your transformation has ended.
Pikel hits you with a +2 whip of flaming.
You die...

. p. .K .#
..###
########.....#
#..@Kppp......
#.######....(.
#.# .....
#####.# ....
#.....# ...
####.##### ..
#..#.# .
#..#.# #..#.#


You could see Pikel and 3 slaves.

Vanquished Creatures
  A slave (D:6)
  A sky beast (D:5)
  Blork the orc (D:4)
  A scorpion (D:4)
  2 crimson imps
  A hound (D:5)
  A centaur skeleton (D:5)
  4 orc priests
  An orc wizard (D:3)
  2 worker ants
  8 gnolls
  14 adders
  2 oozes
  2 worms
  4 dart slugs
  3 leopard geckos (D:3)
  6 orcs
  4 bats
  8 giant cockroaches
  3 goblins (D:2)
  5 hobgoblins
  4 jackals (D:2)
  9 kobolds
  2 quokkas (D:5)
  3 frilled lizards
  A jackal skeleton (D:5)
  9 rats
102 creatures vanquished.

Notes
Turn   | Place    | Note
-------+----------+-------------------------------------------
     0 | D:1      | MisterFreud the Octopode Transmuter began the quest for the
                  | Orb.
     0 | D:1      | Reached XP level 1. HP: 13/13 MP: 3/3
    68 | D:1      | Reached XP level 2. HP: 2/18 MP: 3/5
   711 | D:1      | Reached skill level 3 in Transmutations
  1107 | D:1      | Reached XP level 3. HP: 23/23 MP: 6/6
  1412 | D:2      | Found an opulent altar of Gozag.
  1437 | D:2      | Found a snail-covered altar of Cheibriados.
  1732 | D:2      | Became a worshipper of Cheibriados the Contemplative
  1769 | D:2      | Reached XP level 4. HP: 28/28 MP: 6/8
  1843 | D:2      | Found an ornate altar of the Wu Jian Council.
  2199 | D:2      | Found a faded altar of an unknown god.
  2243 | D:2      | Found a burning altar of Makhleb.
  2247 | D:2      | Reached skill level 4 in Transmutations
  2247 | D:2      | Reached XP level 5. HP: 31/33 MP: 9/9
  2476 | D:2      | Learned a level 2 spell: Sticks to Snakes
  2480 | D:2      | Learned a level 3 spell: Spider Form
  2786 | D:3      | HP: 1/33 [orc/+0 dagger (4)]
  3121 | D:3      | Reached * piety under Cheibriados
  3137 | D:3      | Reached skill level 5 in Transmutations
  3235 | D:3      | Reached XP level 6. HP: 4/38 MP: 11/11
  3924 | D:4      | Found a bloodstained altar of Trog.
  4288 | D:4      | Learned a level 5 spell: Blade Hands
  4424 | D:4      | Found a glowing silver altar of Zin.
  4453 | D:4      | Reached skill level 6 in Transmutations
  4524 | D:4      | Noticed Blork the orc
  4532 | D:4      | Killed Blork the orc
  4532 | D:4      | Reached XP level 7. HP: 36/43 MP: 13/13
  4621 | D:4      | Reached ** piety under Cheibriados
  5168 | D:5      | Entered Level 5 of the Dungeon
  5242 | D:5      | Reached skill level 1 in Invocations
  5455 | D:5      | Reached skill level 7 in Transmutations
  5821 | D:5      | Found a blossoming altar of Fedhas.
  5826 | D:5      | Found a stormy altar of Qazlal.
  6103 | D:5      | Reached XP level 8. HP: 36/48 MP: 15/15
  6287 | D:6      | Noticed Pikel
  6305 | D:6      | Slain by Pikel

Levels and vault maps discovered:
D:1:      minmay_arrival_stone_box, layout_loops_corners
D:2:      kennysheep_big_flooded_room, layout_basic, grunt_gozag_breadcrumbs,
          kennysheep_slug_shrine, overflow_temple_1_default,
          makhleb_grotto_becter, first_ration,
          chequers_ecumenical_altar_simple_redux
D:3:      layout_basic, gup_sewer_entry_pipe, nicolae_underground_beach
D:4:      layout_rooms, kennysheep_mini, bloody_trog, uniq_blork_the_orc
D:5:      layout_loops_ring, grunt_temple_overflow_forces_of_nature,
          minmay_misc_feat_x
D:6:      layout_basic, tgw_sif, nemelex_altar_shiori, ebering_ghost_gozag,
          uniq_pikel

Skill      XL: |  1  2  3  4  5  6  7 |
---------------+----------------------+-----
Transmutations | 3 4 5 6 7 |  7.2
Spellcasting   | 3 4 |  4.7
Invocations    | 2 |  2.0
Fighting       | |  1.0
Dodging        | |  2.0
Unarmed Combat | |  3.0

Action                   |  1- 3 |  4- 6 |  7- 9 || total
-------------------------+-------+-------+-------++-------
Melee: Unarmed           |    65 |   143 |    96 ||   304
       Constrict         |    19 |    27 |     5 ||    51
       Tentacles         |    11 |    20 |     5 ||    36
       Kick              |     4 |     4 |       ||     8
       Punch             |     3 |     2 |     1 ||     6
 Cast: Beastly Appendage |     3 |     3 |       ||     6
       Spider Form       |       |     7 |     8 ||    15
 Abil: End Transformatio |       |     1 |       ||     1
  Use: Scroll            |       |     8 |     3 ||    11
       Potion            |       |     1 |     1 ||     2
 Stab: Sleeping          |     5 |     9 |     4 ||    18
       Distracted        |     1 |       |       ||     1
  Eat: Chunk             |     3 |     4 |     1 ||     8
       Ration            |       |     1 |       ||     1
Armor: Skin              |       |     6 |     2 ||     8
Dodge: Dodged            |    35 |    95 |    72 ||   202

Table legend:
 A = Non-vault XP
 B = Vault XP
 C = Vault XP percentage of total XP
 D = Non-vault monster count
 E = Vault monster count
 F = Vault count percentage of total count
                 A         B        C        D         E       F
            +---------+---------+-------+---------+---------+-------
      Total |    1034 |     167 |  13.9 |      91 |      10 |   9.9
            +---------+---------+-------+---------+---------+-------
        D:1 |      34 |       0 |   0.0 |      17 |       0 |   0.0
        D:2 |      80 |      56 |  41.2 |      19 |       3 |  13.6
        D:3 |     212 |      15 |   6.6 |      24 |       6 |  20.0
        D:4 |     406 |      96 |  19.1 |      19 |       1 |   5.0
        D:5 |     302 |       0 |   0.0 |      12 |       0 |   0.0
            +---------+---------+-------+---------+---------+-------
